Unix NetHack Version 5.0.0-0 post-release - last build Jul 19 2026 19:10:59 (3aa4ab31751d3886436d94b585a96704892fd477,branch:main).

Game began 2026-07-22 00:25:35, ended 2026-07-22 01:15:50.

Jinnora, neutral female human Wizard

                               ------
                               |....|    -----                   -----------
                              #.....|    |....#                  |.........|
                ----------#####|....| ###....|##       ###)#####[..........|
                |........-#   #|....| #  |...| i                 |.........|
                |........|   ##|....| #  |...| @                 |.........|
                |........| ### |....-##  |...| #                 ---------.-
               #..[......|##   ------    |<..| ##                     #####
               #|....`...|#              --.--  #                    ##
               #----------#                #    ##                  ##
             ###   ########                      ##              ####
            ##                                    #[##           #
 --------####                                        #       #####
 |..)...|#                                           #    ####
 |......|#                                           #----.----------
 |<....[-#                                           #-.............|
 --------                                             |..>......(...|
                                                      |.............|
                                                      ---------------

Jinnora the Thaumaturge   St:14 Dx:18 Co:13 In:18 Wi:11 Ch:9  Neutral
Dlvl:7  $:677 HP:0(64) Pw:89(95) AC:0  Xp:8/1379 T:6780  Burdened

Latest messages:
 You hit the quasit.
 The quasit misses!
 The quasit hits!
 The quasit misses!
 The quasit misses!
 The quasit misses!
 The quasit bites!
 You miss the quasit.
 The quasit hits!
 The quasit hits again!
 The quasit bites!
 The quasit misses!
 The quasit hits!
 The quasit misses!
 You miss the quasit.
 The quasit hits!
 The quasit hits again!
 The quasit bites!
 The quasit just misses!
 The quasit hits!
 The quasit bites!
 You miss the quasit.
 The quasit hits!
 The quasit misses!
 The quasit bites!
 The quasit hits!
 The quasit hits again!
 The quasit misses!
 The quasit hits!
 The quasit just misses!
 The quasit bites!
 In what direction? .
 You feel better.
 The quasit hits!
 The quasit misses!
 The quasit misses!
 The quasit hits!
 The quasit hits again!
 The quasit bites!
 The quasit hits!
 The quasit misses!
 The quasit bites!
 The quasit hits!
 The quasit misses!
 The quasit bites!
 You fail to cast the spell correctly.
 The quasit hits!
 The quasit hits again!
 You die...
 Do you want your possessions identified? [ynq] (y) q

Inventory:
 Coins    ('$')
  $ - 677 gold pieces
 Weapons  (')')
  O - 10 uncursed +0 daggers (wielded)
 Armor    ('[')
  A - a cursed -1 helm of opposite alignment
  b - an uncursed +0 cloak of magic resistance (being worn)
  u - an uncursed +0 dwarvish mithril-coat (being worn)
 Comestibles  ('%')
  t - 2 uncursed bananas
  p - an uncursed food ration
 Scrolls  ('?')
  W - a blessed scroll of confuse monster
  i - 2 uncursed scrolls of confuse monster
  l - an uncursed scroll of create monster
  R - an uncursed scroll of fire
  k - an uncursed scroll of identify
  o - 2 cursed scrolls of identify
  I - an uncursed scroll of magic mapping
  j - an uncursed scroll of stinking cloud
  r - an uncursed scroll of taming
  S - an uncursed scroll of teleportation
 Spellbooks  ('+')
  a - an uncursed spellbook of detect monsters
 Potions  ('!')
  g - an uncursed potion of confusion
  h - an uncursed potion of gain energy
  v - an uncursed potion of object detection
  y - an uncursed potion of sickness
  f - 2 uncursed potions of water
 Rings    ('=')
  d - an uncursed ring of fire resistance
  q - an uncursed ring of poison resistance
  e - a blessed +3 ring of protection (on right hand)
  P - an uncursed +1 ring of protection
  w - an uncursed ring of teleport control
 Wands    ('/')
  c - an uncursed wand of digging (0:7)
  L - an uncursed wand of magic missile (0:3)
  Z - an uncursed wand of sleep (0:6)
 Tools    ('(')
  n - an uncursed magic marker (0:19)
  m - an uncursed +0 pick-axe
  U - an uncursed wax candle
 Gems/Stones  ('*')
  K - a cursed black opal
  Q - an uncursed emerald
  H - 3 uncursed worthless pieces of blue glass
  M - 2 uncursed worthless pieces of green glass
  z - 2 cursed worthless pieces of green glass
  F - 2 uncursed worthless pieces of violet glass
  x - 3 uncursed worthless pieces of white glass
  G - an uncursed worthless piece of yellow glass
  D - 3 uncursed worthless pieces of yellowish brown glass
  N - an uncursed flint stone

Jinnora the Wizard's attributes:

Background:
 You were a Thaumaturge, a level 8 female human Wizard.
 You were neutral, on a mission for Thoth
 who was opposed by Ptah (lawful) and Anhur (chaotic).
 You were right-handed.
 You were in the Dungeons of Doom, on level 7.
 You entered the dungeon 6780 turns ago.
 It was nighttime.
 You had 1379 experience points, 1181 more were needed to attain level 9.

Basics:
 You had 0 out of 64 hit points.
 You had 89 out of 95 energy points (spell power).
 Your armor class was 0.
 Your wallet contained 677 zorkmids.
 Autopickup was off.

Final Characteristics:
 Your strength was 14 (limit:18/100).
 Your dexterity was 18 (limit:18).
 Your constitution was 13 (limit:18).
 Your intelligence was 18 (limit:18).
 Your wisdom was 11 (limit:18).
 Your charisma was 9 (limit:18).

Final Status:
 You weren't hungry.
 You were burdened; movement was slightly slowed.
 You were wielding daggers.
 You were skilled in dagger.

Final Attributes:
 You were piously aligned.
 You were magic-protected.
 You were telepathic.
 You had a small defense bonus (+3).
 You were protected.
 Your spell casting was impaired by metallic armor.
 Thoth was angry with you.
 You are dead (2nd time!).

Miscellaneous:
 You didn't encounter any bones levels.
 Total elapsed playing time was 50 minutes and 14 seconds.

Major events:
 Turn
    1: Jinnora the neutral female human Wizard entered the dungeon
  599: entered the Gnomish Mines
  679: attained the rank of Conjurer (level 3)
 1705: found Trollsbane carried by a monster
 1964: attained the rank of Thaumaturge (level 6)
 2154: reached Mine Town
 5712: averted death (killed by an anti-magic implosion)
 6780: killed by a quasit

Spells:
 Name                 Level Category     Fail Retention
 force bolt             1   attack        40%   61%-70%
 detect food            2   divination    84%   51%-75%
 healing                1   healing       40%  76%-100%
 detect monsters        1   divination    40%  76%-100%

Skills:
 Fighting Skills
   bare handed combat [Unskilled]
   riding             [Unskilled]
 Weapon Skills
   dagger             [Skilled]
   knife              [Unskilled]
   axe                [Unskilled]
   short sword        [Unskilled]
   club               [Unskilled]
   mace               [Unskilled]
   quarterstaff       [Basic]
   polearms           [Unskilled]
   spear              [Unskilled]
   trident            [Unskilled]
   sling              [Unskilled]
   dart               [Unskilled]
   shuriken           [Unskilled]
 Spellcasting Skills
   attack spells      [Basic]
   healing spells     [Unskilled]
   divination spells  [Unskilled]
   enchantment spells [Basic]
   clerical spells    [Unskilled]
   escape spells      [Unskilled]
   matter spells      [Unskilled]

Voluntary challenges:
 Character rerolling was not enabled.
 You never genocided any monsters.
 You never polymorphed an object.
 You never changed form.
 You used no wishes.
Achievements:
 You entered the Gnomish Mines.
 You attained the rank of Conjurer.
 You attained the rank of Thaumaturge.
 You entered Minetown.
 You entered a temple.
 You entered a shop.

 The Dungeons of Doom: levels 1 to 8
    Level 1:
       A fountain.
    Level 2:
       A fountain.
       Stairs down to The Gnomish Mines.
    Level 3:
    Level 4:
       A fountain.
    Level 5:
       A general store, a fountain.
    Level 6:
       Many fountains.
       Oracle of Delphi.
    Level 7: <- You were here.
       Final resting place for
          you, killed by a quasit.
    Level 8:
 The Gnomish Mines: levels 3 to 6
    Level 3:
    Level 4:
    Level 5:
    Level 6:
       Many shops, a temple and an altar, some fountains, a sink.


Vanquished creatures:
  a quivering blob
  3 wolves
  2 gnome rulers
  a chickatrice
  a gnome mummy
  a snake
 an ape
  a Woodland-elf
  a quasit
  a water nymph
  6 Uruk-hai
  a rock mole
  2 ponies
  a fog cloud
  2 yellow lights
  a shrieker
  a violet fungus
  5 gnome leaders
  2 gnomish wizards
  a kobold mummy
  a golden naga hatchling
  2 gray oozes
  a ghoul
  2 giant ants
  2 floating eyes
  9 dwarves
  4 kobold leaders
 18 hill orcs
  3 rothes
  3 giant bats
  2 monkeys
 an orc zombie
  4 iguanas
  4 coyotes
  5 hobbits
  3 large kobolds
  2 hobgoblins
  4 cave spiders
  2 yellow molds
  a green mold
  2 red molds
 29 gnomes
  3 garter snakes
  a gnome zombie
  5 geckos
 10 jackals
  2 foxes
  a kobold
  3 goblins
  8 grid bugs
  2 lichens
 10 newts
184 creatures vanquished.

No species were genocided or became extinct.

Game over:
                       ----------
                      /          \
                     /    REST    \
                    /      IN      \
                   /     PEACE      \
                  /                  \
                  |     Jinnora      |
                  |      677 Au      |
                  |   killed by a    |
                  |      quasit      |
                  |                  |
                  |                  |
                  |       2026       |
                 *|     *  *  *      | *
        _________)/\\_//(\/(/\)/\//\/|_)_______

Goodbye Jinnora the Wizard...

You died in The Dungeons of Doom on dungeon level 7 with 6476 points,
and 677 pieces of gold, after 6780 moves.
You were level 8 with a maximum of 64 hit points when you died.

